 BcadrenCrawl: Boulder Brew version 0.06-240-gf756cca71e (webtiles) character file.

Game seed: 4907660280261230013, levelgen mode: deterministic

141 gruber the Twirler (level 5, -1/45 HPs) Minotaur Fighter. Began on Aug 13, 2022. Killed from afar by a bullfrog (7 damage) ... with an its tongue ... on level 2 of the Dungeon. The game lasted 00:01:25 (917 turns).

gruber the Twirler (Minotaur Fighter)                Turns: 917, Time: 00:01:25

Health: -1/45      AC:  6    Str: 26    XL:     5 ^: 178
Magic:  4/4        EV:  8    Int:  5    God:
Gold:   92         SH:  7    Dex: 10    Spells: 4/4 levels left

rFire    . . .     Slash    .   a - +0 morningstar
rCold    . . .     Pierce   .   c - +0 heater shield
rNeg     . . .     Bludgeon .   b - +0 scale mail
rCorr    . . .     Vision   .   (helmet restricted)
rPois    .         Gourm    .   (no cloak)
rElec    .         Faith    .   (no gloves)
MR       .....     Spirit   .   (no boots)
HPRegen  0.25/turn Reflect  .   (no amulet)
MPRegen  0.14/turn Harm     .   (no ring)
Stlth    ..........             (no ring)

@: mighty, lethally poisoned (-1 -> -2), very slow
A: horns, retaliatory headbutt 2, soft flesh
a: no special abilities


You were on level 2 of the Dungeon.
You were not hungry.

You visited 1 branch of the dungeon, and saw 2 of its levels.

You collected 92 gold pieces.

Inventory:

Weapons
 a - a +0 morningstar (weapon) Shields
 c - a +0 heater shield (shield)
Armour
 b - a +0 scale mail (worn)
Scrolls
 g - a scroll of magic mapping
 j - a scroll of teleportation
Potions
 e - a potion of cancellation
 h - a potion of curing
 i - a potion of cure mutation
Comestibles
 f - 2 rations


   Skills:
 - Level 3.6 Fighting
 + Level 6.4 Maces & Staves
 - Level 3.6 Armour
 - Level 3.6 Shields


You had 4 spell levels left.
You didn't know any spells.
Your spell library was empty.

Dungeon Overview and Level Annotations

Branches:
Dungeon (2/8)

Altars:


Innate Abilities, Weirdness & Mutations

You reflexively attack those that strike you in melee with your horns.
((Your soft flesh is weak to deep cuts.
Heavy manmade armour will nullify this weakness. (rSlashing-)))


Message History

* * * LOW HITPOINT WARNING * * *
You hear a shout!
Unknown command.
Unknown command.
Unknown command.
The adder barely misses you.
You sock the adder (8)!
It is struck brutally!
You headbutt the adder (3).
You kill the adder!
You hear a splash.
You have reached level 5!
The bullfrog throws its tongue at you. The bullfrog's tongue lashes you (7)!
You are wrenched violently forward by the bullfrog's tongue!
Splash!
You fall into the shallow water.
Moving in this stuff is going to be slow.
You block the bullfrog's attack. The bullfrog body-slams you (5).
* * * LOW HITPOINT WARNING * * *
You die...

##.≈.≈≈≈≈≈≈≈≈≈≈b≈≈≈≈≈≈.≈
##≈.≈≈≈≈≈≈≈≈≈≈≈≈≈≈≈≈≈≈≈≈
##.≈≈≈≈≈≈≈≈.≈≈≈≈≈≈≈≈≈≈≈≈
##....<†.†≈.≈≈≈K≈≈≈≈≈≈≈≈
##≈####≈##≈###.#K≈≈≈≈≈P#
#≈...≈#≈≈.##≈.≈#≈≈F≈≈≈.
#...#.##..≈#..≈##≈≈≈≈≈≈#
#≈ ###≈≈.K#K..# ≈≈≈≈≈.#
##..@†J### S≈...≈.
####F.# ≈.K≈≈)≈ ####
≈≈≈.


You could see a big kobold, a bullfrog, a jelly and 2 kobolds.

Vanquished Creatures
  3 giant cockroaches (D:1)
  3 adders (D:2)
  A sewer rat (D:1)
  4 cinder newts (D:1)
  A worm (D:1)
  An ooze (D:2)
  2 dart slugs (D:1)
  A leopard gecko (D:1)
  3 bats
  A goblin (D:1)
  2 hobgoblins (D:1)
  3 kobolds (D:1)
  4 rats
29 creatures vanquished.

Vanquished Creatures (others)
  A withered plant (D:2)
1 creature vanquished.

Grand Total: 30 creatures vanquished

Notes
Turn   | Place    | Note
-------+----------+-------------------------------------------
     0 | D:1      | gruber the Minotaur Fighter began the quest for the Orb.
     0 | D:1      | Reached XP level 1. HP: 19/19 MP: 0/0
    35 | D:1      | Reached skill level 3 in Maces & Staves
    35 | D:1      | Reached XP level 2. HP: 5/26 MP: 1/1
    53 | D:1      | Reached skill level 4 in Maces & Staves
   178 | D:1      | Reached XP level 3. HP: 31/31 MP: 2/2
   364 | D:1      | Reached skill level 5 in Maces & Staves
   385 | D:1      | Reached XP level 4. HP: 39/39 MP: 3/3
   879 | D:2      | Reached skill level 6 in Maces & Staves
   903 | D:2      | Noticed a big kobold
   917 | D:2      | Reached XP level 5. HP: 10/45 MP: 4/4
   917 | D:2      | Killed from afar by a bullfrog

Levels and vault maps discovered:
D:1:      psy_arrival_terrarium, layout_basic, gup_sewer_entry_bubbles
D:2:      layout_sewer, first_ration

Skill      XL: |  1  2  3  4 |
---------------+-------------+-----
Maces & Staves | 3 4 5 6 |  6.4
Fighting       | |  3.6
Armour         | |  3.6
Shields        | |  3.6

Action                   |  1- 3 |  4- 6 || total
-------------------------+-------+-------++-------
Melee: Morningstar       |    19 |    27 ||    46
       Headbutt          |       |     1 ||     1
  Use: Potion            |       |     1 ||     1
Armor: Scale mail        |     5 |    15 ||    20
Dodge: Dodged            |     4 |     6 ||    10
Block: Heater shield     |     7 |    13 ||    20
